 Dungeon Crawl Stone Soup version 0.18.1-48-g4cf74bf (console) character file.

153 utis the Shooter (level 5, 37/37 HPs)
             Began as a Human Arcane Marksman on Aug 30, 2016.
             Quit the game on level 2 of the Dungeon.
             The game lasted 00:15:44 (5811 turns).

utis the Shooter (Human Arcane Marksman)            Turns: 5811, Time: 00:15:45

Health: 37/37      AC:  8    Str: 12    XL:     5   Next: 61%
Magic:  6/6        EV: 12    Int: 14    God:
Gold:   150        SH:  0    Dex: 12    Spells: 2 memorised, 3 levels left

rFire  . . .     SeeInvis .     b - +0 dagger (elec)
rCold  . . .     Gourm    .     e - +0 robe
rNeg   . . .     Faith    .     (no shield)
rPois  .         Spirit   .     (no helmet)
rElec  .         Dismiss  .     l - +2 cloak
rCorr  .         Reflect  .     (no gloves)
SustAt .         Harm     .     u - +2 pair of boots
MR     .....                    (no amulet)
Stlth  +.........               (no ring)
                                (no ring)

@: not resistant to hostile enchantments, very unstealthy
A: no striking features
a: no special abilities


You were on level 2 of the Dungeon.
You were very hungry.

You visited 1 branch of the dungeon, and saw 3 of its levels.

You collected 150 gold pieces.

Inventory:

Hand Weapons
 a - a +0 shortbow
 b - a +0 dagger of electrocution (weapon)
 k - a +0 short sword
 s - a +0 hunting sling
 t - a +0 dagger
 x - a +1 hunting sling of flaming
 z - a +4 quarterstaff
Missiles
 d - 20 arrows
 j - 22 poisoned needles
 p - 11 sling bullets
 q - 69 stones (quivered)
Armour
 e - a +0 robe (worn)
 l - a +2 cloak (worn)
 u - a +2 pair of boots (worn)
 w - a +0 ring mail
Scrolls
 h - a scroll of identify {@r1}
 i - a scroll of blinking {unknown}
 m - a scroll of recharging {unknown}
 o - a scroll of remove curse {unknown}
 v - a scroll of random uselessness {unknown}
 y - a scroll of fog {unknown}
Potions
 g - a potion of curing {@q1}
 r - a potion of degeneration {unknown}
Books
 c - a book of Debilitation

   Spells                             Type                      Level
   a - Corona                         Hexes                        1
   b - Slow                           Hexes                        2
   c - Gell's Gravitas                Hexes/Translocation          3
   d - Inner Flame                    Hexes/Fire                   3
   e - Cause Fear                     Hexes                        4
   f - Leda's Liquefaction            Hexes/Earth                  4
Comestibles
 f - 2 bread rations {@e1}
 n - 4 meat rations {@e1}
 A - 2 fruits {@e2}


   Skills:
 - Level 1.0 Fighting
 * Level 4.5 Bows
 - Level 2.0 Dodging
 - Level 1.0 Spellcasting
 + Level 4.1 Hexes


You had 3 spell levels left.
You knew the following spells:

 Your Spells              Type           Power        Failure   Level  Hunger
w - Slow                  Hex            ##......     10%         2    ###....
z - Corona                Hex            ##.....      6%          1    ##.....


Dungeon Overview and Level Annotations

Branches:
Dungeon (3/15)

Altars:
Nemelex Xobeh
Qazlal
Trog
Zin

Annotations:
D:3 Xelenos's ghost, amateur MiFi


Message History

Things that are here:
a mace; a leather armour There isn't anything to butcher here.
Unknown command.
You start resting.
You feel a little less agile now.
You start resting.
You are feeling very hungry.
Adjust (i)tems, (s)pells, or (a)bilities?
Adjust which item? (? for menu, Esc to quit)
z - a +0 dagger of electrocution (weapon)
Adjust to which letter? (? for menu, Esc to quit)
b - a +0 dagger of electrocution (weapon)
z - a +4 quarterstaff You start resting.
HP restored.
Eat which item? (? for menu, Esc to quit)
Okay, then.
Unknown command.
Are you sure you want to abandon this character and quit the game? (Confirm with "yes".)

░.░ ░.░ ░.░░░░░░.░░ ░.░
░.░ ░.░........ ░.░ ░.░
░.░..░░░.░░ ░.░ ░.░
░.░........ ░.░ ░.░
░.░......░. ░.░ ░.░
░.░........ ░.░
░░░░.░░░░.░....░..░ ░.░
░.............░▩░..
░.░░░░░>p............░)..
░........░.░░░..░.░......
░░░░░....░.░....).░░░░.░░
░░....░.░......░......
░.....░.░......░.░░.░░
░.░░░░░.░░░....░..<...
░.░ ░.......░░░░░░░░░░
░.░ ░.░...............
░.░ ░.░░░░░░...░░░░░░░


There were no monsters in sight!

Vanquished Creatures
  An orc priest (D:3)
  Jessica (D:3)
  An adder (D:2)
  An ooze (D:1)
  2 worms (D:2)
  A dart slug (D:2)
  2 giant geckos
  5 orcs
  4 giant cockroaches
  4 goblins
  9 hobgoblins
  12 jackals
  4 bats
  5 giant newts
  6 kobolds
  7 rats
65 creatures vanquished.

Notes
Turn   | Place    | Note
--------------------------------------------------------------
     0 | D:1      | utis the Human Arcane Marksman began the quest for the Orb.
     0 | D:1      | Reached XP level 1. HP: 15/15 MP: 2/2
   694 | D:1      | Reached XP level 2. HP: 21/21 MP: 0/3
   731 | D:1      | Learned a level 2 spell: Slow
  1401 | D:1      | Reached XP level 3. HP: 26/26 MP: 1/4
  3105 | D:2      | Found a faded altar to an unknown god.
  3558 | D:2      | Reached XP level 4. HP: 31/32 MP: 5/5
  3709 | D:2      | Found a sparkling altar of Nemelex Xobeh.
  3710 | D:2      | Found a bloodstained altar of Trog.
  3797 | D:2      | Found a glowing silver altar of Zin.
  3797 | D:2      | Noticed an angel
  4391 | D:3      | Reached XP level 5. HP: 12/37 MP: 3/6
  4788 | D:3      | Noticed Xelenos's ghost (amateur MiFi)
  4844 | D:3      | o, come on
  5145 | D:3      | Found a stormy altar of Qazlal.
  5563 | D:3      | Noticed Jessica
  5609 | D:3      | Killed Jessica
  5811 | D:2      | Quit the game

Skill      XL: |  1  2  3  4  5 |
---------------+----------------+-----
Bows           | 3 4 |  4.5
Hexes          | 4 |  4.1
Fighting       | |  1.0
Dodging        | |  2.0
Spellcasting   | |  1.0

Action                   |  1- 3 |  4- 6 || total
-------------------------+-------+-------++-------
Melee: Dagger            |    82 |     2 ||    84
       Unarmed           |     3 |       ||     3
       Short sword       |    55 |    33 ||    88
       Quarterstaff      |       |    61 ||    61
 Fire: Shortbow          |    39 |    61 ||   100
Throw: Stone             |     4 |     1 ||     5
 Cast: Corona            |    41 |    23 ||    64
       Slow              |     3 |     7 ||    10
  Use: Scroll            |       |     5 ||     5
       Potion            |       |     3 ||     3
 Stab: Sleeping          |     2 |     1 ||     3
  Eat: Chunk             |     8 |     8 ||    16
       Beef jerky        |     1 |       ||     1
Armor: Robe              |    41 |    41 ||    82
Dodge: Dodged            |   119 |    83 ||   202
